 Dungeon Crawl Stone Soup version 0.21.1-1-g345015f (webtiles) character file.

108 pk666 the Magician (level 4, -1/24 HPs)
             Began as a Deep Elf Wizard on Feb 13, 2018.
             Succumbed to an orc wizard's poison
             ... on level 3 of the Dungeon.
             The game lasted 00:06:25 (2918 turns).

pk666 the Magician (Deep Elf Wizard)                Turns: 2918, Time: 00:06:26

Health: -1/24      AC:  2    Str:  2 (4)  XL:     4   Next: 58%
Magic:  1/13       EV: 12    Int: 22 (24) God:
Gold:   89         SH:  0    Dex: 10 (13) Spells: 4/13 levels left

rFire    . . .     SeeInvis .   h - +0 dagger (speed)
rCold    . . .     Gourm    .   (no shield)
rNeg     . . .     Faith    .   a - +0 robe
rPois    .         Spirit   .   b - +0 hat
rElec    .         Reflect  .   l - scarf {cloud immunity}
rCorr    .         Harm     .   (no gloves)
MR       .....                  (no boots)
Stlth    +.........             (no amulet)
HPRegen  0.08/turn              (no ring)
MPRegen  0.13/turn              (no ring)

@: lethally poisoned (-1 -> -21), hasted, heavily drained, very quick
A: no striking features
a: no special abilities


You were on level 3 of the Dungeon.
You were not hungry.

You visited 1 branch of the dungeon, and saw 3 of its levels.

You collected 89 gold pieces.

Inventory:

Hand Weapons
 h - a +0 dagger of speed (weapon)
Missiles
 o - 8 javelins (quivered)
Armour
 a - a +0 robe (worn)
 b - a +0 hat (worn)
 l - a scarf of cloud immunity (worn)
Scrolls
 e - 3 scrolls of identify {unknown}
 f - a scroll of remove curse {unknown}
 g - a scroll of blinking {unknown}
 i - a scroll of amnesia {unknown}
 n - a scroll of immolation {unknown}
 q - a scroll of magic mapping {unknown}
Potions
 j - a potion of degeneration
 k - a potion of haste
 p - a potion of curing {unknown}
Books
 c - a book of Minor Magic

   Spells                             Type                      Level
   a - Magic Dart                     Conjuration                  1
   b - Blink                          Translocation                2
   c - Call Imp                       Summoning                    2
   d - Slow                           Hexes                        2
   e - Conjure Flame                  Conjuration/Fire             3
   f - Mephitic Cloud                 Conjuration/Poison/Air       3
Comestibles
 d - 6 rations
 m - a chunk of flesh


   Skills:
 + Level 0.4(0.0) Short Blades
 + Level 3.3(1.7) Dodging
 - Level 2.4(0.8) Stealth
 * Level 5.1(3.4) Spellcasting
 * Level 2.6(1.0) Conjurations
   Level 1.1(0.0) Summonings
 - Level 1.1(0.0) Translocations
 * Level 1.0(0.0) Fire Magic
 * Level 0.9(0.0) Air Magic
 * Level 1.4(0.0) Poison Magic


You had 4 spell levels left.
You knew the following spells:

 Your Spells              Type           Power        Failure   Level  Hunger
a - Magic Dart            Conj           #...         8%          1    None
b - Blink                 Tloc           N/A          19%         2    ##.....
d - Conjure Flame         Conj/Fire      #.......     28%         3    ###....
z - Mephitic Cloud        Conj/Pois/Air  #.......     30%         3    ###....


Dungeon Overview and Level Annotations

Branches:
Dungeon (3/15)

Altars:
Cheibriados
Fedhas
Trog

Annotations:
D:3 2 transporters


Message History

You feel sick.
The orc wizard gestures wildly while chanting.
The orc wizard seems to speed up.
Casting: Magic Dart
Confirm with . or Enter, or press ? or * to list all spells.
You don't have enough magic to cast that spell.
Casting: Magic Dart
Confirm with . or Enter, or press ? or * to list all spells.
You don't have enough magic to cast that spell.
Casting: Magic Dart
Confirm with . or Enter, or press ? or * to list all spells.
You don't have enough magic to cast that spell.
It was a potion of degeneration.
There was something very wrong with that liquid.
You feel weakened.
You feel dopey.
You feel clumsy.
The orc wizard hits you with a dagger of venom.
* * * LOW HITPOINT WARNING * * *
You are more poisoned.
It was a potion of haste.
You feel yourself speed up.
You die...

#...... ##.....
########..##
#........... #
######.###.###>## #.
#....#.# #.# #.## ..
#.##.#.# #.###.##
#.##.##.#.###.##....
#oo@.##.#........###
#######.#.###.#.##8o
#.....).#.#gZ%
#.#####...#h.. #.#
#...#... #.#
##..#©.. ### #..#...
#..#... #..#...


You could see an orc wizard and an orc.

Vanquished Creatures
  Jessica (D:2)
  3 adders (D:2)
  A dart slug (D:1)
  2 orcs (D:3)
  A giant cockroach (D:1)
  6 goblins
  5 hobgoblins
  5 jackals (D:1)
  7 kobolds
  A quokka (D:3)
  A ball python (D:1)
  6 bats
  3 frilled lizards (D:1)
  7 rats
49 creatures vanquished.

Notes
Turn   | Place    | Note
-------+----------+-------------------------------------------
     0 | D:1      | pk666 the Deep Elf Wizard began the quest for the Orb.
     0 | D:1      | Reached XP level 1. HP: 10/10 MP: 7/7
   247 | D:1      | Reached XP level 2. HP: 14/15 MP: 1/9
  1275 | D:1      | Reached XP level 3. HP: 19/19 MP: 8/11
  1279 | D:1      | Learned a level 2 spell: Blink
  1283 | D:1      | Learned a level 3 spell: Mephitic Cloud
  1287 | D:1      | Learned a level 3 spell: Conjure Flame
  1591 | D:2      | Reached skill level 5 in Spellcasting
  1977 | D:2      | Noticed Jessica
  1980 | D:2      | Killed Jessica
  1980 | D:2      | Reached skill level 1 in Poison Magic
  1980 | D:2      | Reached XP level 4. HP: 24/24 MP: 9/13
  1992 | D:2      | Found a snail-covered altar of Cheibriados.
  2181 | D:2      | Reached skill level 1 in Fire Magic
  2319 | D:2      | Found a bloodstained altar of Trog.
  2725 | D:3      | Found a blossoming altar of Fedhas.
  2726 | D:3      | Noticed a black bear
  2728 | D:3      | Found a transporter.
  2737 | D:3      | Found a transporter.
  2917 | D:3      | HP: 1/24 [orc wizard/dagger of venom (4)]
  2918 | D:3      | Succumbed to an orc wizard's poison

Skill      XL: |  1  2  3  4 |
---------------+-------------+-----
Dodging        | 3 |  3.3
Conjurations   | 2 |  2.6
Spellcasting   | 5 |  5.1
Poison Magic   | 1 |  1.4
Fire Magic     | 1 |  1.0
Short Blades   | |  0.4
Stealth        | |  2.4
Summonings     | |  1.1
Translocations | |  1.1
Air Magic      | |  0.9

Action                   |  1- 3 |  4- 6 || total
-------------------------+-------+-------++-------
Melee: Dagger            |       |     9 ||     9
 Cast: Magic Dart        |    79 |    53 ||   132
  Use: Potion            |       |     2 ||     2
  Eat: Chunk             |     3 |     3 ||     6
Armor: Robe              |     7 |     4 ||    11
Dodge: Dodged            |    12 |    27 ||    39
